 Dungeon Crawl Stone Soup version 0.29-a0-330-g52719c12eb (webtiles) character file.

Game seed: 9249717093876533592

14 Ajdolov the Skirmisher (level 2, -2/32 HPs)
             Began as an Ogre Warper on May 12, 2022.
             Slain by Terence
             ... wielding a +0 morningstar
              (6 damage)
             ... on level 2 of the Dungeon.
             The game lasted 00:01:34 (786 turns).

Ajdolov the Skirmisher (Ogre Warper)                 Turns: 786, Time: 00:01:34

Health: -2/32      AC:  3    Str: 14    XL:     2   Next: 41%
Magic:  5/5        EV:  9    Int: 14    God:
Gold:   51         SH:  0    Dex:  8    Spells: 5/5 levels left

rFire   . . .      SeeInvis .   a - +0 mace
rCold   . . .      Faith    .   (no shield)
rNeg    . . .      Spirit   .   b - +0 robe
rPois   .          Reflect  .   (helmet restricted)
rElec   .          Harm     .   (no cloak)
rCorr   .          Rampage  .   (gloves unavailable)
Will    .....                   (boots unavailable)
Stlth   +.........              (no amulet)
HPRegen 0.10/turn               (no ring)
MPRegen 0.09/turn               (no ring)

@: no status effects
A: large, unfitting armour, tough skin 1
a: no special abilities


You were on level 2 of the Dungeon.
You visited 1 branch of the dungeon, and saw 2 of its levels.

You collected 51 gold pieces.

Inventory:

Hand Weapons
 a - a +0 mace (weapon)
Missiles
 d - 7 boomerangs of dispersal (quivered)
 e - 2 boomerangs
Armour
 b - a +0 robe (worn)
Scrolls
 c - a scroll of blinking
Potions
 f - a potion of attraction {unknown}
 g - 3 potions of flight {unknown}


   Skills:
 * Level 3.6 Fighting
 + Level 2.1 Maces & Flails
 - Level 1.0 Throwing
 - Level 2.1 Dodging
 - Level 2.4 Spellcasting
 - Level 2.6 Translocations


You had 5 spell levels left.
You didn't know any spells.
Your spell library contained the following spells:

 Spells                   Type           Power      Damage    Failure   Level
 Blink                    Tloc           18%        N/A       12%         2
 Gell's Gravitas          Tloc           9%         N/A       22%         3
 Lesser Beckoning         Tloc           9%         N/A       22%         3
 Teleport Other           Tloc           9%         N/A       22%         3
 Manifold Assault         Tloc           9%         N/A       91%         5


Dungeon Overview and Level Annotations

Branches:
Dungeon (2/15)

Altars:

Annotations:
D:2 Terence


Innate Abilities, Weirdness & Mutations

You are too large for most types of armour.
You have tough skin. (AC +1)


Message History

You barely miss Terence.
Terence is heavily wounded.
Terence hits you but does no damage.
The frilled lizard bites you but does no damage.
Terence hits you with a +0 morningstar.
The frilled lizard bites you but does no damage.
You hit Terence but do no damage.
Terence is heavily wounded.
Terence hits you but does no damage.
The frilled lizard bites you but does no damage.
You hit Terence but do no damage.
Terence is heavily wounded.
Terence hits you but does no damage.
The frilled lizard bites you but does no damage.
You barely miss Terence.
Terence is heavily wounded.
Terence hits you but does no damage.
The frilled lizard bites you but does no damage.
Terence barely misses you.
The frilled lizard bites you but does no damage.
You hit Terence but do no damage.
Terence is moderately wounded.
You feel less wooden.
Your +0 robe unmelds from your body.
Terence hits you with a +0 morningstar! The frilled lizard misses you.
You barely miss Terence.
Terence is moderately wounded.
Terence hits you with a +0 morningstar!
* * * LOW HITPOINT WARNING * * *
The frilled lizard bites you.
* * * LOW HITPOINT WARNING * * *
You closely miss Terence.
Terence is moderately wounded.
Terence hits you with a +0 morningstar.
* * * LOW HITPOINT WARNING * * *
The frilled lizard bites you but does no damage.
You hit Terence.
Terence is heavily wounded.
Terence hits you with a +0 morningstar.
You die...

..#######
#.......##
########@@#
.......<#l......
#######........(
#####..... .....
.... ... ...


You could see Terence and a frilled lizard.

Vanquished Creatures
  2 endoplasms (D:1)
  A giant cockroach (D:1)
  A goblin (D:1)
  2 hobgoblins (D:1)
  3 kobolds (D:1)
  2 ball pythons (D:1)
  2 frilled lizards (D:1)
13 creatures vanquished.

Notes
Turn   | Place    | Note
-------+----------+-------------------------------------------
     0 | D:1      | Ajdolov the Ogre Warper began the quest for the Orb.
     0 | D:1      | Reached XP level 1. HP: 22/22 MP: 3/3
    26 | D:1      | Reached skill level 3 in Fighting
   233 | D:1      | Reached XP level 2. HP: 15/31 MP: 5/5
   767 | D:2      | Noticed Terence
   786 | D:2      | Slain by Terence

Illustrated notes

Levels and vault maps discovered:
D:1:      noname_arrival_rooms_in_the_neighbourhood, layout_rooms
D:2:      layout_rooms, ebering_ecumenical_altar_mist,
          kennysheep_generic_room_2, uniq_terence, uniq_crazy_yiuf_cottage

Skill      XL: |  1 |
---------------+----+-----
Fighting       | 3 |  3.6
Maces & Flails | 2 |  2.1
Throwing       | |  1.0
Dodging        | |  2.1
Spellcasting   | |  2.4
Translocations | |  2.6

Action                   || total
-------------------------++-------
Melee: Mace              ||    58
Throw: Boomerang         ||     5
       Dart              ||     3
 Stab: Sleeping          ||     1
Armor: Robe              ||    14
       Skin              ||    17
Dodge: Dodged            ||    21

Table legend: (Time is in decaauts)
 A = Elapsed time spent in this place.
 B = Non-inter-level travel time spent in this place.
 C = Inter-level travel time spent in this place.
 D = Time resting spent in this place.
 E = Time spent auto-exploring this place.
 F = Levels seen in this place.
 G = Mean time per level.
                   A        B        C        D        E       F      G
               +--------+--------+--------+--------+--------+-----+--------+
         Total |    804 |    750 |     54 |      0 |    601 |   2 |  402.0 |
       Dungeon |    804 |    750 |     54 |      0 |    601 |   2 |  402.0 |
               +--------+--------+--------+--------+--------+-----+--------+

Top non-repeatable levels by time:
     D:1: 780 daAuts
     D:2: 23 daAuts
